 Dungeon Crawl Stone Soup version 0.20.2-3-g29329e0561 (webtiles) character file.

753 Alfie the Shooter (level 7, -4/60 HPs)
             Began as a Minotaur Hunter on May 4, 2020.
             Slain by Blork the orc
             ... wielding a +0 mace
              (9 damage)
             ... on level 5 of the Dungeon.
             The game lasted 00:15:13 (3419 turns).

Alfie the Shooter (Minotaur Hunter)                 Turns: 3419, Time: 00:15:14

Health: -4/60      AC:  6    Str: 17    XL:     7   Next: 49%
Magic:  6/6        EV: 12    Int:  8    God:
Gold:   195        SH:  0    Dex: 10    Spells: 6/6 levels left

rFire    . . .     SeeInvis .   b - +2 short sword
rCold    + . .     Gourm    .   (no shield)
rNeg     . . .     Faith    .   s - +1 leather armour {rC+}
rPois    .         Spirit   .   (helmet restricted)
rElec    .         Reflect  .   (no cloak)
rCorr    .         Harm     .   (no gloves)
MR       +....                  (no boots)
Stlth    +.........             (no amulet)
Regen    0.0/turn               r - +2 ring of protection
MPRegen  0.1/turn               (no ring)

@: no status effects
A: retaliatory headbutt, horns 2, magic resistance 1, mutation resistance 1,
inhibited regeneration, weak 1
a: no special abilities


You were on level 5 of the Dungeon.
You were not hungry.

You visited 1 branch of the dungeon, and saw 5 of its levels.

You collected 195 gold pieces.

Inventory:

Hand Weapons
 a - a +2 shortbow
 b - a +2 short sword (weapon)
Missiles
 d - 11 arrows
Armour
 s - a +1 leather armour of cold resistance (worn)
Jewellery
 m - the ring "Buapoge" {rPois rN+}
   (You found it on level 5 of the Dungeon)

   [ring of poison resistance]

   It protects you from poison.
   It protects you from negative energy.
 r - a +2 ring of protection (left hand)
 w - a cursed -3 ring of intelligence {unknown}
Wands
 n - a wand of flame (29/48)
 o - a wand of lightning (9/15)
Scrolls
 g - 4 scrolls of identify
 h - a scroll of remove curse {unknown}
 j - a scroll of teleportation
 l - a scroll of fog
 t - 3 scrolls of amnesia {unknown}
Potions
 c - a potion of mutation
 e - a potion of agility {unknown}
 i - a potion of flight
 k - a potion of berserk rage {unknown}
Comestibles
 f - 3 bread rations
 q - a fruit
 v - 2 meat rations


   Skills:
 + Level 4.8 Fighting
 + Level 3.4 Short Blades
 + Level 7.2 Bows
 + Level 2.9 Armour
 + Level 3.5 Dodging
 + Level 1.6 Stealth


You had 6 spell levels left.
You didn't know any spells.

Dungeon Overview and Level Annotations

Branches:
Dungeon (5/15)
 Temple: D:4-7

Altars:
Ashenzari
Dithmenos
Fedhas
Okawaru
Qazlal
Ru
Trog
The Shining One

Annotations:
D:5 Blork the orc


Innate Abilities, Weirdness & Mutations

You reflexively headbutt those who attack you in melee.
You have a pair of horns on your head.
You are resistant to hostile enchantments. (MR+)
You are somewhat resistant to further mutation.
You do not regenerate when monsters are visible.
You are weak. (Str -2)


Message History

b - a +2 short sword (weapon)
You hit something but do no damage. Something hits you.
You hit something but do no damage. Something hits you but does no damage.
You barely miss something. Something hits you!
You miss something.
You hear some strange, mumbled words.
A puff of frost appears from out of thin air!
The puff of frost hits you! You resist. Something completely misses you.
Your leather armour prevents you from hitting something.
Your headbutt misses something. Something hits you but does no damage.
You closely miss something. You headbutt something.
Something hits you but does no damage.
You hit something. Your headbutt misses something. Something hits you!
* * * LOW HITPOINT WARNING * * *
You hit something. Something hits you.
* * * LOW HITPOINT WARNING * * *
You hit something. You headbutt something. Something hits you.
* * * LOW HITPOINT WARNING * * *
You closely miss something. Your headbutt misses something. Something hits you!
You die...

.....##
##..#####..........##
.#....## ##..# #..........#
.......###..##
##.........### .........#..#
#............ ............##
#(.......... ..........#..##
#........# .##....#......##
##........#
.##...##.......###.........#
.##...#.........@{.#####...#
...............#..## ......(
.............###.## .......
... .#....#..# ##.# .###...
.....#..# #.## ## #.
######.## ##.# .. ### #.


There were no monsters in sight!

Vanquished Creatures
  The ghost of Alfie the Shooter, an amateur MiHu (D:5)
  An ogre (D:3)
  A howler monkey (D:4)
  A crimson imp (D:5)
  A hound (D:4)
  2 orc priests
  An orc wizard (D:4)
  An iguana (D:4)
  3 worker ants (D:4)
  A hound skeleton (D:5)
  A gnoll (D:4)
  4 adders
  An ooze (D:5)
  2 worms
  2 adder skeletons
  2 dart slugs (D:1)
  4 leopard geckos
  18 orcs
  A ball python (D:4)
  6 bats
  4 giant cockroaches
  2 goblins (D:2)
  4 hobgoblins
  7 jackals
  7 kobolds
  A quokka (D:3)
  3 frilled lizards
  5 rats
  A plant (D:2)
88 creatures vanquished.

Notes
Turn   | Place    | Note
-------+----------+-------------------------------------------
     0 | D:1      | Alfie the Minotaur Hunter began the quest for the Orb.
     0 | D:1      | Reached XP level 1. HP: 18/18 MP: 0/0
   364 | D:1      | Reached XP level 2. HP: 20/25 MP: 1/1
   436 | D:1      | You fall through a shaft!
   501 | D:2      | Reached skill level 5 in Bows
   501 | D:2      | Reached skill level 1 in Armour
   738 | D:1      | Reached XP level 3. HP: 20/30 MP: 2/2
   761 | D:1      | Found a glowing golden altar of the Shining One.
  1043 | D:2      | Found a bloodstained altar of Trog.
  1726 | D:3      | Found a bloodstained altar of Trog.
  1844 | D:3      | Reached XP level 4. HP: 34/38 MP: 3/3
  2012 | D:3      | Noticed an ogre
  2020 | D:3      | Killed an ogre
  2020 | D:3      | Reached skill level 1 in Stealth
  2020 | D:3      | Reached XP level 5. HP: 34/45 MP: 4/4
  2367 | D:4      | Reached skill level 1 in Short Blades
  2367 | D:4      | Reached skill level 6 in Bows
  2546 | D:4      | Reached XP level 6. HP: 15/52 MP: 5/5
  2547 | D:4      | Gained mutation: You do not regenerate when monsters are visible. [potion of mutation]
  2547 | D:4      | Gained mutation: You are weak. (Str -2) [potion of mutation]
  2547 | D:4      | Gained mutation: You are resistant to hostile enchantments. (MR+) [potion of mutation]
  2547 | D:4      | Gained mutation: You are somewhat resistant to further mutation. [potion of mutation]
  2617 | D:4      | Found a shattered altar of Ashenzari.
  2814 | D:4      | Found a blossoming altar of Fedhas.
  2824 | D:4      | Found a stormy altar of Qazlal.
  2839 | D:4      | Found a sacrificial altar of Ru.
  3020 | D:4      | Found a shadowy altar of Dithmenos.
  3038 | D:4      | Found an iron altar of Okawaru.
  3153 | D:5      | Entered Level 5 of the Dungeon
  3163 | D:5      | Got a translucent pewter ring
  3164 | D:5      | Identified the ring "Buapoge" {rPois rN+} (You found it on level 5 of the Dungeon)
  3219 | D:5      | Reached XP level 7. HP: 45/60 MP: 6/6
  3233 | D:5      | Noticed Alfie's ghost (amateur MiHu)
  3255 | D:5      | HP: 1/60 [Alfie's ghost (10)]
  3264 | D:5      | Killed Alfie's ghost
  3264 | D:5      | Reached skill level 7 in Bows
  3398 | D:5      | Noticed Blork the orc
  3419 | D:5      | Slain by Blork the orc

Skill      XL: |  1  2  3  4  5  6  7 |
---------------+----------------------+-----
Bows           | 5 6 7 |  7.2
Armour         | 1 2 |  2.9
Fighting       | 3 4 |  4.8
Stealth        | 1 |  1.6
Short Blades   | 1 2 3 |  3.4
Dodging        | 3 |  3.5

Action                   |  1- 3 |  4- 6 |  7- 9 || total
-------------------------+-------+-------+-------++-------
Melee: Short sword       |    63 |    89 |    43 ||   195
       Headbutt          |    15 |    11 |     8 ||    34
 Fire: Shortbow          |    64 |    53 |     2 ||   119
  Use: Scroll            |     9 |     5 |       ||    14
       Potion            |       |     6 |     2 ||     8
 Stab: Sleeping          |     1 |       |       ||     1
  Eat: Bread ration      |     1 |     1 |       ||     2
       Fruit             |       |     1 |       ||     1
Armor: Leather armour    |    16 |    28 |     5 ||    49
Dodge: Dodged            |    49 |    50 |    22 ||   121
